 Dungeon Crawl Stone Soup version 0.25-a0-502-g6516661a7a (webtiles) character file.

Game seed: 16148365809809236585, levelgen mode: deterministic

34 kae the Insei (level 3, -1/28 HPs)
             Began as a Demonspawn Gladiator on Feb 12, 2020.
             Slain by a gnoll
             ... wielding a +0 whip of electrocution
              (19 damage)
             ... on level 1 of the Dungeon.
             The game lasted 00:00:34 (973 turns).

kae the Insei (Demonspawn Gladiator)                 Turns: 973, Time: 00:00:34

Health: -1/28      AC:  4    Str: 14    XL:     3   Next: 14%
Magic:  3/3        EV: 12    Int:  9    God:
Gold:   18         SH:  0    Dex: 15    Spells: 2/2 levels left

rFire    . . .     SeeInvis .     - Unarmed
rCold    . . .     Gourm    .   (no shield)
rNeg     . . .     Faith    .   a - +0 leather armour
rPois    .         Spirit   .   b - +0 helmet
rElec    .         Reflect  .   (no cloak)
rCorr    .         Harm     .   (no gloves)
MR       .....                  (no boots)
Stlth    +.........             (no amulet)
HPRegen  0.09/turn              (no ring)
MPRegen  0.08/turn              (no ring)

@: no status effects
A: talons 1, rot immunity
a: no special abilities


You were on level 1 of the Dungeon.
You were not hungry.

You visited 1 branch of the dungeon, and saw 1 of its levels.

You collected 18 gold pieces.

Inventory:

Missiles
 c - 3 throwing nets (quivered)
Armour
 a - a +0 leather armour (worn)
 b - a +0 helmet (worn)
Jewellery
 j - an uncursed ring of ice
Scrolls
 f - a scroll of teleportation {unknown}
 h - a scroll of enchant armour {unknown}
 l - a scroll of fog {unknown}
 m - a scroll of magic mapping {unknown}
Potions
 e - a potion of brilliance {unknown}
 g - 4 potions of curing {unknown}
 i - a potion of lignification {unknown}
 k - a potion of invisibility {unknown}
Comestibles
 d - 3 rations


   Skills:
 + Level 2.6 Fighting
 - Level 1.7 Throwing
 - Level 2.6 Dodging
 * Level 3.5 Unarmed Combat


You had 2 spell levels left.
You didn't know any spells.
Your spell library was empty.

Dungeon Overview and Level Annotations

Branches:
Dungeon (1/15)

Altars:


Innate Abilities, Weirdness & Mutations

You have sharp toenails.
You are immune to rotting.


Message History

Things that are here:
a +0 dagger; a +0 robe
There is a stone staircase leading down here.
You open the door.
There is an open door here.
A gnoll comes into view.
It is wielding a +0 whip of electrocution.
Found 10 gold pieces.
A gnoll is nearby!
A gnoll is nearby!
A gnoll is nearby!
A goblin comes into view.
The goblin shouts!
The gnoll shouts!
Found a ration.
The gnoll hits you with a +0 whip of electrocution.
You see here 10 gold pieces.
You barely miss the gnoll. Your kick misses the gnoll.
The gnoll hits you with a +0 whip of electrocution.
You are electrocuted!!
Ouch! That really hurt!
You die...

#....................##
#......................
########'#...........#.
#.#..........###
#.#.......(..#
#.#.........##
#.#........##
########.#......###
#....g@......####
#..........###
#..........# .
#..........# ≈.
#.....g....# ≈
#..$.......#
#..........#
#..%.......#


You could see a gnoll and a goblin.

Vanquished Creatures
  An ooze (D:1)
  A dart slug (D:1)
  3 leopard geckos (D:1)
  A bat (D:1)
  5 goblins (D:1)
  3 hobgoblins (D:1)
  A kobold (D:1)
  A frilled lizard (D:1)
  10 rats (D:1)
26 creatures vanquished.

Notes
Turn   | Place    | Note
-------+----------+-------------------------------------------
     0 | D:1      | kae the Demonspawn Gladiator began the quest for the Orb.
     0 | D:1      | Reached XP level 1. HP: 16/16 MP: 1/1
   322 | D:1      | Reached skill level 3 in Unarmed Combat
   329 | D:1      | Gained mutation: You have sharp toenails. [demonic
                  | ancestry]
   329 | D:1      | Reached XP level 2. HP: 15/22 MP: 2/2
   745 | D:1      | Gained mutation: You are immune to rotting. [demonic
                  | ancestry]
   745 | D:1      | Reached XP level 3. HP: 28/28 MP: 3/3
   973 | D:1      | Slain by a gnoll

Levels and vault maps discovered:
D:1:      dpeg_cavernosity, layout_basic, serial_park_tiny_pond

Skill      XL: |  1 |
---------------+----+-----
Unarmed Combat | 3 |  3.5
Fighting       | |  2.6
Throwing       | |  1.7
Dodging        | |  2.6

Action                   || total
-------------------------++-------
Melee: Unarmed           ||    73
       Kick              ||    14
       Punch             ||     1
Armor: Leather armour    ||    22
Dodge: Dodged            ||    51

Table legend:
 A = Non-vault XP
 B = Vault XP
 C = Vault XP percentage of total XP
 D = Non-vault monster count
 E = Vault monster count
 F = Vault count percentage of total count
                 A         B        C        D         E       F
            +---------+---------+-------+---------+---------+-------
      Total |      49 |       0 |   0.0 |      26 |       0 |   0.0
            +---------+---------+-------+---------+---------+-------
        D:1 |      49 |       0 |   0.0 |      26 |       0 |   0.0
            +---------+---------+-------+---------+---------+-------
